 Dungeon Crawl Stone Soup version 0.30-a0-1066-g63dfefce0d (webtiles) character file.

Game seed: 2569973125481625178

86 IdlyInterested the Ducker (level 4, -4/33 HPs)
             Began as a Demonspawn Gladiator on Apr 12, 2023.
             Slain by a gnoll
             ... wielding a +0 flail
              (9 damage)
             ... on level 3 of the Dungeon.
             The game lasted 00:05:50 (1936 turns).

IdlyInterested the Ducker (Demonspawn Gladiator)    Turns: 1936, Time: 00:05:51

Health: -4/33      AC: 10    Str: 15    XL:     4   Next: 26%
Magic:  4/4        EV:  8    Int:  9    God:
Gold:   223        SH:  0    Dex: 16    Spells: 3/3 levels left

rFire   . . .      SeeInvis +    a - +0 rapier
rCold   . . .      Faith    .    (no shield)
rNeg    . . .      Spirit   .    i - +1 chain mail of the Guardian {Regen+ SInv Stlth-}
rPois   .          Reflect  .    (helmet restricted)
rElec   .          Rampage  .    (no cloak)
rCorr   .                        (no gloves)
Will    .....                    (no boots) Stlth
                                 (no amulet)
HPRegen 1.05/turn                (no ring)
MPRegen 0.09/turn                (no ring)

@: no status effects
A: horns 1, rugged brown scales 1, demonic guardian 1
a: no special abilities


You were on level 3 of the Dungeon.
You visited 1 branch of the dungeon, and saw 3 of its levels.

You collected 223 gold pieces.

Inventory:

Hand Weapons
 a - a +0 rapier (weapon)
Missiles
 d - 3 throwing nets
 e - a javelin
 g - 11 stones (quivered)
 n - a poisoned dart
Armour
 i - the +1 chain mail of the Guardian (worn) {Regen+ SInv Stlth-}
   (You found it on level 2 of the Dungeon)

   SInv:      It lets you see invisible.
   Regen:     It increases your rate of health regeneration.
   Stlth:     It makes you less stealthy.
 m - a +1 ring mail
Wands
 c - a wand of charming (2)
Scrolls
 b - a scroll of magic mapping {unknown}
 j - a scroll of identify
Potions
 f - a potion of brilliance
 h - a potion of resistance {unknown}
 k - 2 potions of mutation {unknown}
 l - a potion of curing {unknown}
 o - a potion of ambrosia {unknown}


   Skills:
 + Level 2.1 Fighting
 - Level 2.6 Short Blades
 - Level 2.0 Throwing
 - Level 1.0 Armour
 - Level 3.0 Dodging
 * Level 2.5 Stealth
 - Level 1.0 Shields
 - Level 1.0 Evocations


You had 3 spell levels left.
You didn't know any spells.
Your spell library contained the following spells:

 Spells                   Type           Power      Damage    Failure   Level
 Necrotise                Necr           0%         1d4       99%         1
 Vampiric Draining        Necr           0%         2d6       100%        3
 Summon Lightning Spire   Summ/Air       0%         N/A       100%        4
 Agony                    Necr           0%         N/A       100%        5
 Storm Form               Tmut/Air       0%         N/A       100%        7
 Maxwell's Capacitive Co  Air            0%         ∞         100%        8


Dungeon Overview and Level Annotations

Branches:
Dungeon (3/15)

Altars:
Fedhas


Innate Abilities, Weirdness & Mutations

You have a pair of small horns on your head.
You are partially covered in rugged brown scales. (AC +1, +3% HP)
A weak demonic guardian rushes to your aid.


Message History

You completely miss the gnoll.
The gnoll is severely wounded.
You closely miss the gnoll. Your headbutt misses the gnoll.
The gnoll is severely wounded.
The gnoll barely misses you.
You barely miss the gnoll. You headbutt the gnoll.
You kill the gnoll!
The hobgoblin hits you but does no damage.
You hit the hobgoblin. You headbutt the hobgoblin.
You kill the hobgoblin!
The gnoll shouts!
The gnoll barely misses you.
You hit the gnoll. Your headbutt misses the gnoll.
The gnoll is lightly wounded.
The gnoll closely misses you. The gnoll barely misses you.
You closely miss the gnoll.
The gnoll is lightly wounded.
The gnoll hits you with a +0 flail. The gnoll hits you but does no damage.
You hit the gnoll.
You headbutt the gnoll, but do no damage.
The gnoll is moderately wounded.
The gnoll barely misses you. The gnoll hits you with a +0 spear.
You barely miss the gnoll.
The gnoll is moderately wounded.
The gnoll barely misses you. The gnoll hits you with a +0 spear.
You closely miss the gnoll.
The gnoll is moderately wounded.
The gnoll hits you with a +0 flail. The gnoll hits you with a +0 spear.
You puncture the gnoll!
The gnoll is almost dead.
The gnoll hits you with a +0 flail. The gnoll hits you with a +0 spear.
The gnoll hits you but does no damage. The gnoll hits you with a +0 flail!
* * * LOW HITPOINT WARNING * * *
A demonic guardian appears!
You closely miss the gnoll. Your headbutt misses the gnoll.
The gnoll is almost dead.
Your ufetubus hits the gnoll.
The gnoll dies!
The gnoll hits you with a +0 flail!
You die...

#########(.. ###..##
#.......(.. #..#..#
#.......(.# #...#.# .
#.........# #.#...#
..#.........# ##.#.##
............# #...#.#
......g5..†.####.#.†.#
.#.##)g.......#..#..##
#@#######.##..###.
#)....# #..##.####
#.....# #.........
#.....# #....#####
#.....# #....# #.....#
#....##### ......#
#.........
#......#.........##
##.......##......#


You could see 2 gnolls and a friendly ufetubus (summoned).

Vanquished Creatures
  A gnoll (D:3)
  An adder (D:3)
  A worm (D:2)
  A dart slug (D:1)
  9 endoplasms
  2 giant cockroaches (D:2)
  A goblin (D:2)
  3 hobgoblins
  4 jackals
  2 quokkas
  5 ball pythons
  A bat (D:3)
  3 frilled lizards (D:2)
  6 kobolds
  4 rats
44 creatures vanquished.

Vanquished Creatures (collateral kills)
  A gnoll (D:3)
  An adder (D:2)
  A ball python (D:2)
  2 jackals (D:1)
  2 frilled lizards (D:2)
7 creatures vanquished.

Grand Total: 51 creatures vanquished

Notes
Turn   | Place    | Note
-------+----------+-------------------------------------------
     0 | D:1      | IdlyInterested the Demonspawn Gladiator began the quest for
                  | the Orb.
     0 | D:1      | Reached XP level 1. HP: 16/16 MP: 1/1
   174 | D:1      | Reached skill level 1 in Stealth
   191 | D:1      | Reached skill level 3 in Dodging
   191 | D:1      | Gained mutation: A weak demonic guardian rushes to your
                  | aid. [demonic ancestry]
   191 | D:1      | Reached XP level 2. HP: 22/22 MP: 2/2
   763 | D:2      | Reached skill level 1 in Evocations
   875 | D:2      | Gained mutation: You have a pair of small horns on your
                  | head. [demonic ancestry]
   875 | D:2      | Reached XP level 3. HP: 23/27 MP: 3/3
  1064 | D:2      | Identified the +1 chain mail of the Guardian {Regen+ SInv
                  | Stlth-}
  1102 | D:2      | Reached skill level 1 in Armour
  1593 | D:3      | Reached skill level 1 in Shields
  1851 | D:3      | Gained mutation: You are partially covered in rugged brown
                  | scales. (AC +1, +3% HP) [demonic ancestry]
  1851 | D:3      | Reached XP level 4. HP: 27/33 MP: 4/4
  1870 | D:3      | Found a blossoming altar of Fedhas.
  1936 | D:3      | Slain by a gnoll

Illustrated notes

Levels and vault maps discovered:
D:1:      lightli_arrival_windingriver, layout_basic
D:2:      layout_basic
D:3:      layout_basic, nicolae_sif_muna_condensation, amcnicky_altar_gilded,
          marbit_many_paths, saegor_snake_ambush, uniq_natasha

Skill      XL: |  1  2  3 |
---------------+----------+-----
Stealth        | 1 2 |  2.5
Dodging        | 3 |  3.0
Throwing       | 2 |  2.0
Evocations     | 1 |  1.0
Armour         | 1 |  1.0
Shields        | 1 |  1.0
Fighting       | |  2.1
Short Blades   | |  2.6

Action                     |  1- 3 |  4- 6 || total
---------------------------+-------+-------++-------
  Melee: Rapier            |   125 |    20 ||   145
         Headbutt          |     7 |     3 ||    10
  Throw: Dart              |       |     4 ||     4
         Stone             |       |     2 ||     2
    Use: Scroll            |     6 |       ||     6
 Armour: Leather armour    |     8 |       ||     8
         Scale mail        |    25 |       ||    25
         Ring mail         |     5 |       ||     5
         Chain mail        |    23 |    10 ||    33
  Dodge: Dodged            |    59 |    12 ||    71

Table legend: (Time is in decaauts)
 A = Elapsed time spent in this place.
 B = Non-inter-level travel time spent in this place.
 C = Inter-level travel time spent in this place.
 D = Time resting spent in this place.
 E = Time spent auto-exploring this place.
 F = Levels seen in this place.
 G = Mean time per level.
                   A        B        C        D        E       F      G
               +--------+--------+--------+--------+--------+-----+--------+
         Total |   1948 |   1766 |    182 |    206 |   1025 |   3 |  649.3 |
       Dungeon |   1948 |   1766 |    182 |    206 |   1025 |   3 |  649.3 |
               +--------+--------+--------+--------+--------+-----+--------+

Top non-repeatable levels by time:
     D:2: 872 daAuts
     D:1: 805 daAuts
     D:3: 270 daAuts
